Map: Mist Opportunities

Players

kezhik

  • Race: Protoss Protoss
  • Spawn Location: 6:00

RyuKey

  • Race: Terran Terran
  • League: Diamond
  • Spawn Location: 5:00

VOD

Have the link to the VOD?

Description

Time

  • Played on: June 12, 2020, 6:59 a.m.
  • Length: 30:06
Show
View Real Time Build Order
Export as new Build Order

kezhik Protoss 

Build Orders:  

Get SALT Encoding   

  12  0:24  Xel'Naga Passageway  
  12  0:33  Probe (Chrono Boost)  
  13  0:47  Probe (Chrono Boost)  
  14  1:01  Probe (Chrono Boost)  
  15  1:10  Xel'Naga Passageway  
  15  1:15  Probe (Chrono Boost)  
  16  1:33  Core Forge  
  16  1:35  Probe (Chrono Boost)  
  17  1:49  Probe (Chrono Boost)  
  18  2:03  Probe (Chrono Boost)  
  19  2:23  Probe (Chrono Boost)  
  20  2:37  Probe (Chrono Boost)  
  21  2:42  Constructs Facility  
  21  2:46  Void Shrine  
  21  2:51  Probe (Chrono Boost)  
  22  3:07  Tesseract Cannon  
  22  3:19  Tesseract Cannon  
  22  3:57  Void Templar  
  24  4:18  Void Templar  
  26  5:11  Void Templar  
  28  5:20  Xel'Naga Ambusher  
  30  6:08  Xel'Naga Shieldguard  
  31  6:23  Xel'Naga Shieldguard, Xel'Naga Ambusher  
  34  6:37  Xel'Naga Ambusher  
  36  7:02  Ancient Nexus  
  36  7:30  Tesseract Cannon  
  36  8:07  Void Templar  
  36  8:15  Xel'Naga Shieldguard  
  33  12:18  Void Templar  
  33  12:19  Xel'Naga Shieldguard  
  36  12:34  Xel'Naga Shieldguard  
  36  12:39  Void Templar  
  39  12:48  Xel'Naga Ambusher  
  39  13:00  Void Templar  
  41  13:21  Void Templar  
  43  13:42  Void Templar  
  43  13:46  Serdath Legion  
  43  15:15  Void Templar, Xel'Naga Ambusher  
  47  15:29  Probe (Chrono Boost)  
  48  15:32  Void Templar  
  50  15:46  Probe (Chrono Boost)  
  50  15:49  Void Templar  
  53  16:03  Probe (Chrono Boost)  
  53  16:06  Void Templar  
  55  16:20  Probe (Chrono Boost)  
  55  16:37  Probe (Chrono Boost)  
  54  17:25  Probe (Chrono Boost)  
  54  17:28  Probe (Chrono Boost)  
  56  17:33  Void Templar  
  56  17:39  Xel'Naga Ambusher  
  58  17:42  Probe (Chrono Boost)  
  58  17:45  Probe (Chrono Boost)  
  62  17:50  Void Templar  
  62  17:59  Probe (Chrono Boost)  
  66  18:02  Probe (Chrono Boost)  
  66  18:08  Void Templar  
  66  18:16  Probe (Chrono Boost)  
  66  18:19  Probe (Chrono Boost)  
  70  18:20  Xel'Naga Shieldguard  
  70  18:25  Xel'Naga Ambusher  
  73  18:33  Probe (Chrono Boost)  
  73  18:35  Xel'Naga Shieldguard  
  73  18:36  Probe (Chrono Boost)  
  76  18:42  Xel'Naga Ambusher  
  78  19:13  Void Templar  
  78  19:16  Xel'Naga Ambusher  
  82  19:30  Void Templar  
  84  20:14  Xel'Naga Ambusher  
  86  20:31  Xel'Naga Ambusher  
  88  20:48  Xel'Naga Ambusher  
  90  21:05  Xel'Naga Ambusher  
  92  21:36  Xel'Naga Watcher  
  92  21:51  Xel'Naga Watcher  
  92  22:06  Xel'Naga Watcher  
  92  22:21  Xel'Naga Watcher  
  92  22:24  Void Templar  
  94  22:36  Xel'Naga Watcher  
  94  22:42  Void Templar  
  96  22:59  Void Templar  
  96  23:08  Xel'Naga Watcher  
  98  23:16  Void Templar  
  98  23:19  Constructs Bay  
  98  23:23  Xel'Naga Watcher  
  100  23:38  Xel'Naga Watcher  
  100  23:53  Xel'Naga Watcher  
Show
View Real Time Build Order
Export as new Build Order

RyuKey Terran 

Build Orders:  

Get SALT Encoding   

  12  0:03  SCV  
  13  0:20  SCV  
  13  0:28  Supply Depot  
  14  0:37  SCV  
  15  0:47  Refinery  
  15  0:58  SCV  
  16  1:04  Barracks  
  16  1:15  SCV  
  17  1:32  SCV  
  18  1:40  Barracks, Barracks Tech Lab  
  18  1:53  Orbital Command  
  18  2:04  Marauder  
  20  2:16  Barracks Tech Lab  
  20  2:23  Supply Depot  
  20  2:29  Marauder  
  20  2:39  SCV  
  23  2:51  Marauder  
  23  2:56  SCV  
  26  3:12  Supply Depot  
  26  3:13  Marauder, SCV  
  26  3:15  Marauder  
  31  3:39  Medic  
  31  3:42  SCV  
  31  3:49  Supply Depot  
  33  4:18  SCV  
  34  4:20  Concussive Shells, Supply Depot  
  34  4:35  SCV  
  34  4:38  Medic  
  35  4:48  Command Center  
  37  4:52  SCV  
  38  5:02  Refinery  
  38  5:07  Unknown  
  38  5:09  SCV  
  39  5:10  Marine x2  
  41  5:22  Engineering Bay  
  41  5:26  Marine x2  
  43  5:32  SCV, Engineering Bay  
  44  5:48  Marauder  
  44  5:49  Marauder  
  48  6:04  SCV  
  49  6:10  Medic x2  
  53  6:21  SCV  
  53  6:29  Orbital Command  
  54  6:38  SCV  
  54  6:39  Stabilizer Medpacks  
  55  6:55  SCV  
  56  7:12  SCV  
  56  7:13  Terran Infantry Weapons Level 1  
  56  7:14  SCV  
  58  7:29  SCV, Firebat x2  
  59  7:38  SCV  
  64  7:40  Barracks  
  64  7:41  Barracks  
  64  7:56  Incinerator Gauntlets  
  64  7:59  Juggernaut Plating  
  64  8:01  Marauder  
  66  8:11  SCV  
  66  8:18  Refinery x2  
  67  8:20  Marine  
  67  8:22  Marine  
  67  8:27  Barracks Reactor x2  
  69  8:30  SCV  
  70  8:56  Supply Depot  
  70  8:57  Supply Depot  
  70  9:24  Terran Infantry Armor Level 1, Marauder x2  
  70  9:26  SCV x2  
  70  9:28  Supply Depot  
  76  9:32  Factory  
  76  9:33  Marine x2  
  76  9:34  Marine x2  
  76  9:36  Marine x2  
  82  9:43  Marine x2, SCV x2  
  82  9:44  Marine  
  84  10:00  SCV x2  
  84  10:04  Marine  
  84  10:05  Marine x5  
  89  10:16  Marauder  
  89  10:17  SCV  
  89  10:19  SCV  
  93  10:27  Supply Depot  
  93  10:28  Supply Depot  
  93  10:34  SCV  
  94  10:52  Factory Tech Lab  
  94  10:54  Marine x2, Medic x2  
  94  10:58  Starport  
  100  11:05  Marauder x2  
  100  11:08  Armory  
  104  11:34  SCV  
  104  11:37  SCV  
  106  11:46  Missile Turret  
  106  11:48  Missile Turret  
  106  11:50  SCV  
  106  11:54  SCV  
  108  12:07  SCV, Supply Depot x2  
  109  12:14  Starport Tech Lab  
  109  12:17  Missile Turret  
  109  12:20  Terran Infantry Weapons Level 2, Missile Turret, Terran Infantry Armor Level 2  
  109  12:21  Marine, Terran Vehicle and Ship Weapons Level 1, Starport  
  110  12:34  Marine x6, Siege Tank  
  110  12:37  Supply Depot  
  119  12:41  Supply Depot  
  119  12:44  Marine  
  116  14:03  Marine  
  116  14:04  Marine x5  
  116  14:05  Siege Tank  
  125  14:13  Marine  
  125  14:14  Marine x5  
  125  14:17  Starport Tech Lab  
  130  14:25  Marauder, Siege Tank  
  134  14:47  Marine x3  
  134  14:48  Marine x3  
  134  14:57  Marine  
  134  14:58  Marine  
  140  15:06  Supply Depot  
  140  15:09  Supply Depot  
  142  15:10  Fusion Core  
  142  15:12  Supply Depot x2  
  142  15:14  Terran Vehicle and Ship Weapons Level 2  
  142  15:33  Marine x4, Siege Tank  
  142  15:38  Terran Infantry Weapons Level 3, Terran Infantry Armor Level 3  
  149  15:43  Marauder  
  151  15:53  Siege Tank  
  146  16:13  Siege Tank  
  148  16:24  Marauder  
  148  16:25  Marine x4, Marauder  
  156  16:33  Siege Tank  
  156  16:35  Marine x2  
  156  16:36  Marine  
  156  16:37  Marauder x2  
  166  16:50  Marauder x2  
  170  17:03  Marauder x2  
  174  17:28  Supply Depot  
  174  17:29  Phobos Weapons System, Supply Depot  
  173  17:31  Supply Depot  
  173  17:33  Supply Depot  
  173  17:34  Marauder  
  173  17:42  Marine  
  174  17:55  Marine x4, Medic  
  174  17:56  Marauder, Battlecruiser  
  188  18:05  Medic  
  188  18:08  Medic  
  190  18:16  Medic  
  190  18:18  Medic  
  194  18:20  Weapon Refit  
  196  18:43  Terran Vehicle and Ship Weapons Level 3  
  190  19:34  Marine  
  190  19:35  Marine x2, Marauder x2  
  197  19:40  Neosteel Frame  
  197  19:43  Cloaking Field  
  193  20:29  Structure Armor  
  193  20:33  Battlecruiser  
  197  20:50  Advanced Siege Tech  
  197  21:07  Siege Tank x3  
  197  21:08  Siege Tank  
  197  21:25  Missile Turret  
  195  21:55  Missile Turret  
  195  22:23  Missile Turret  
  195  22:51  Missile Turret  
  195  22:54  Command Center x2  
  195  22:58  Missile Turret  
  195  23:11  Terran Vehicle And Ship Armor Level 1  
  195  23:23  Missile Turret  
  195  23:24  Medic  
  195  23:25  Medic  
  195  23:28  Marine  
  200  23:53  Missile Turret  
  182  25:51  Orbital Command  
  182  25:52  Orbital Command  
  182  25:53  Marine x2, Siege Tank  
  182  25:54  Marine x4, Siege Tank x3  
  182  25:55  Siege Tank  
  188  26:03  Marine  
  188  26:04  Marine x3, Marauder x2  
  192  26:15  Siege Tank  
  194  26:26  Marine x6, Terran Vehicle And Ship Armor Level 2  
  199  26:36  Marine x2  
  194  27:02  Marine x4  
  192  27:14  Marine x6  
  187  27:24  Marine x3  
  187  27:25  Marine, Marauder x2  
  195  27:34  Marine  
  195  27:35  Marine x2  
  195  27:37  Siege Tank x5  
  195  27:38  Marauder x2  
  195  27:39  Siege Tank  
  121  28:46  Marine  
  121  28:47  Marine x5  
  121  28:48  Siege Tank  
  121  28:49  Battlecruiser x2  
  120  28:57  Marine x4  
  120  28:58  Marauder  
  134  29:08  Siege Tank  
  139  29:18  Marine x2  
  139  29:19  Marine x2, Marauder x2  
  142  29:28  Marine x2, Siege Tank  
  150  29:32  Marauder x2  
Tags
 
Add a new tag
Caveats
  • Supply blocks, unpowered buildings, or Contaminate may cause inaccurate times.
  • Supply counts are checked every 10 seconds.